SALL
GREENSBORO BATS @ MACON BRAVES
05/16/2004
 
TOP OF THE 1ST
Greensboro Bats batting - Pitching for Macon Braves : RHP Shane Komine
Pitching: RHP Shane Komine
Batting: LHB Brandon Simon 0-0: Foul Ball, location: 3F
0-1: Foul Ball, location: 25F
0-2: Ball
1-2: Strikes out swinging
Batting: RHB Rolando Agosto 0-0: Foul Ball, location: 9LMF
0-1: Ball
1-1: Called Strike
1-2: Strikes out swinging
Batting: RHB Michael Griffin 0-0: Foul Ball, location: 9LSFF
0-1: Fly out, F8 (Flyball, 78S, EV 83.1 MPH)
Top of the 1st over - 0 runs, 0 hits, 0 errors, 0 left on base; Greensboro 0 - Macon 0
BOTTOM OF THE 1ST
Macon Braves batting - Pitching for Greensboro Bats : RHP Armando Serna
Pitching: RHP Armando Serna
Batting: RHB Eric West 0-0: Ball
1-0: SINGLE (Line Drive, 8LS, EV 103.1 MPH)
Batting: LHB Matt Young 0-0: Ground out 6-3 (Groundball, 56, EV 106.9 MPH)
Eric West to second
Batting: LHB Ian Stewart 0-0: Ball
1-0: Ball
2-0: Called Strike
2-1: SINGLE (Groundball, 4MD, EV 101.9 MPH)
Eric West to third
Batting: LHB Xavier Paul 0-0: Ball
1-0: Ball
2-0: Called Strike
2-1: SINGLE (Groundball, 4MD, EV 96.3 MPH)
Eric West scores
Ian Stewart to second
Batting: RHB Andres Gutierrez 0-0: Ball
1-0: 3-RUN HOME RUN (Line Drive, 8LXD, EV 100.6 MPH), Distance : 423 ft
Batting: LHB Tony Aluera 0-0: Called Strike
0-1: Ground out 6-3 (Groundball, 6, EV 80.6 MPH)
Batting: LHB John Schmitz 0-0: Called Strike
0-1: Ground out 3-1 (Groundball, 34S, EV 87.5 MPH)
Bottom of the 1st over - 4 runs, 4 hits, 0 errors, 0 left on base; Greensboro 0 - Macon 4
TOP OF THE 2ND
Greensboro Bats batting - Pitching for Macon Braves : RHP Shane Komine
Batting: RHB Ben Harrison 0-0: Ball
1-0: Foul Ball, location: 3FF
1-1: Ball
2-1: SINGLE (Groundball, 6S, EV 68.8 MPH) (infield hit)
Batting: RHB Tripper Johnson 0-0: Called Strike
0-1: Ball
1-1: Foul Ball, location: 2LF
1-2: Strikes out looking
Batting: RHB Chris Colton 0-0: Called Strike
0-1: Ball
1-1: SINGLE (Line Drive, 89M, EV 98.8 MPH)
Ben Harrison to second
Batting: LHB Tim Burgess 0-0: Ball
1-0: Foul Ball, location: 2F
1-1: Swinging Strike
1-2: Ball
2-2: Strikes out swinging
Batting: SHB Juan M. Gonzalez 0-0: Ball
1-0: Foul Ball, location: 7LSF
1-1: Called Strike
1-2: Strikes out swinging
Top of the 2nd over - 0 runs, 2 hits, 0 errors, 2 left on base; Greensboro 0 - Macon 4
BOTTOM OF THE 2ND
Macon Braves batting - Pitching for Greensboro Bats : RHP Armando Serna
Batting: LHB Manny de Hoyos 0-0: Ball
1-0: Foul Ball, location: 2F
1-1: Fly out, F6 (Popup, 6M, EV 57.5 MPH)
Batting: RHB Edgar Natal 0-0: Ball
1-0: Swinging Strike
1-1: Foul Ball, location: 3F
1-2: Ball
2-2: Strikes out looking
Batting: RHB Eric West 0-0: Hit by Pitch
Batting: LHB Matt Young 0-0: Ball
1-0: Fly out, F7 (Flyball, 78D, EV 98.8 MPH)
Bottom of the 2nd over - 0 runs, 0 hits, 0 errors, 1 left on base; Greensboro 0 - Macon 4
TOP OF THE 3RD
Greensboro Bats batting - Pitching for Macon Braves : RHP Shane Komine
Batting: LHB Brian Kirby 0-0: Called Strike
0-1: Foul Ball, location: 2F
0-2: Strikes out swinging
Batting: LHB Brandon Simon 0-0: Ball
1-0: Swinging Strike
1-1: Foul Ball, location: 9LSF
1-2: Ball
2-2: Strikes out swinging
Batting: RHB Rolando Agosto 0-0: Ball
1-0: Called Strike
1-1: Ball
2-1: Foul Ball, location: 9LDF
2-2: Ball
3-2: Base on Balls
Batting: RHB Michael Griffin 0-0: Fly out, F8 (Line Drive, 8RD, EV 90.0 MPH)
Top of the 3rd over - 0 runs, 0 hits, 0 errors, 1 left on base; Greensboro 0 - Macon 4
BOTTOM OF THE 3RD
Macon Braves batting - Pitching for Greensboro Bats : RHP Armando Serna
Batting: LHB Ian Stewart 0-0: Ground out 6-3 (Groundball, 6MD, EV 76.3 MPH)
Batting: LHB Xavier Paul 0-0: Foul Ball, location: 2F
0-1: Ball
1-1: Ground out 3-1 (Groundball, 34S, EV 85.0 MPH)
Batting: RHB Andres Gutierrez 0-0: Ball
1-0: Reached on error, E4 (Groundball, 4M, EV 89.4 MPH)
Batting: LHB Tony Aluera 0-0: Swinging Strike
0-1: Ground out 5-3 (Groundball, 56S, EV 88.8 MPH)
Bottom of the 3rd over - 0 runs, 0 hits, 1 error, 1 left on base; Greensboro 0 - Macon 4
TOP OF THE 4TH
Greensboro Bats batting - Pitching for Macon Braves : RHP Shane Komine
Batting: RHB Ben Harrison 0-0: Called Strike
0-1: Called Strike
0-2: Foul Ball, location: 2F
0-2: Strikes out swinging
Batting: RHB Tripper Johnson 0-0: Called Strike
0-1: Ball
1-1: Called Strike
1-2: Ball
2-2: Ball
3-2: Strikes out swinging
Batting: RHB Chris Colton 0-0: Ball
1-0: Ball
2-0: Foul Ball, location: 2F
2-1: Ball
3-1: SINGLE (Line Drive, 9S, EV 98.1 MPH)
Batting: LHB Tim Burgess 0-0: Ball
Passed Ball!
Chris Colton to second
1-0: Foul Ball, location: 2F
1-1: Ball
2-1: Ball
3-1: Base on Balls
Batting: SHB Juan M. Gonzalez 0-0: Fly out, F8 (Line Drive, 8RS, EV 90.0 MPH)
Top of the 4th over - 0 runs, 1 hit, 0 errors, 2 left on base; Greensboro 0 - Macon 4
BOTTOM OF THE 4TH
Macon Braves batting - Pitching for Greensboro Bats : RHP Armando Serna
Batting: LHB John Schmitz 0-0: SOLO HOME RUN (Flyball, 78XD, EV 101.9 MPH), Distance : 389 ft
Batting: LHB Manny de Hoyos 0-0: Fly out, F8 (Flyball, 8LD, EV 102.5 MPH)
Batting: RHB Edgar Natal 0-0: Called Strike
0-1: Swinging Strike
0-2: Ball
1-2: Ball
2-2: Ball
3-2: Foul Ball, location: 23F
3-2: Foul Ball, location: 3F
3-2: Strikes out looking
Batting: RHB Eric West 0-0: Ball
1-0: Foul Ball, location: 23F
1-1: Ball
2-1: Fly out, F8 (Flyball, 8LS, EV 86.9 MPH)
Bottom of the 4th over - 1 run, 1 hit, 0 errors, 0 left on base; Greensboro 0 - Macon 5
TOP OF THE 5TH
Greensboro Bats batting - Pitching for Macon Braves : RHP Shane Komine
Batting: LHB Brian Kirby 0-0: Called Strike
0-1: Foul Ball, location: 3FF
0-2: Ball
1-2: Foul Ball, location: 7LMF
1-2: Ball
2-2: Ball
3-2: Base on Balls
Batting: LHB Brandon Simon 0-0: Called Strike
Brian Kirby steals 2nd base
0-1: Foul Ball, location: 2F
0-2: Foul Ball, location: 2F
0-2: Ground out 6-3 (Groundball, 6, EV 101.3 MPH)
Batting: RHB Rolando Agosto 0-0: Ball
1-0: Foul Ball, location: 3FF
1-1: Ball
2-1: Called Strike
2-2: Foul Ball, location: 3F
2-2: Hit by Pitch
Pinch Runner at 1st Mike Barclay:
Batting: RHB Michael Griffin 0-0: SINGLE (Line Drive, 9S, EV 89.4 MPH)
Brian Kirby to third
Mike Barclay to second
Batting: RHB Ben Harrison 0-0: Ball
1-0: Foul Ball, location: 9LDF
1-1: Ball
2-1: Ball
3-1: Base on Balls
Brian Kirby scores
Mike Barclay to third
Michael Griffin to second
Batting: RHB Tripper Johnson 0-0: Called Strike
0-1: Called Strike
0-2: Ball
1-2: Ball
2-2: Foul Ball, location: 2F
2-2: SINGLE (Line Drive, 4D, EV 97.5 MPH)
Mike Barclay scores
Michael Griffin to third
Ben Harrison to second
Batting: RHB Chris Colton 0-0: Called Strike
0-1: Ball
1-1: Foul Ball, location: 2F
1-2: Strikes out swinging
Batting: LHB Tim Burgess 0-0: Ball
1-0: Called Strike
1-1: Foul Ball, location: 9LMF
1-2: Ball
2-2: Strikes out swinging
Top of the 5th over - 2 runs, 2 hits, 0 errors, 3 left on base; Greensboro 2 - Macon 5
BOTTOM OF THE 5TH
Macon Braves batting - Pitching for Greensboro Bats : RHP Armando Serna
Now at SS: Mike Barclay
Batting: LHB Matt Young 0-0: Swinging Strike
0-1: Ball
1-1: Called Strike
1-2: Ball
2-2: Ball
3-2: Ground out 6-3 (Groundball, 6, EV 102.5 MPH)
Batting: LHB Ian Stewart 0-0: Ball
1-0: Ball
2-0: Foul Ball, location: 2F
2-1: Ball
3-1: SINGLE (Line Drive, 6D, EV 101.9 MPH)
Pitching: LHP Francisco Mejia
Batting: LHB Xavier Paul 0-0: Called Strike
0-1: SINGLE (Line Drive, 56, EV 106.9 MPH)
Ian Stewart to second
Batting: RHB Andres Gutierrez 0-0: Ball
1-0: Ball
2-0: Called Strike
2-1: Ball
3-1: Reached on error, E6 (Groundball, 6, EV 85.0 MPH)
Ian Stewart to third
Xavier Paul to second
Batting: LHB Tony Aluera 0-0: Ball
1-0: Called Strike
1-1: Fly out, F8 (Flyball, 78M, EV 90.6 MPH)
Batting: LHB John Schmitz 0-0: Foul Ball, location: 7LMF
0-1: Ball
1-1: Foul Ball, location: 23FF
1-2: Foul Ball, location: 2F
1-2: Ball
2-2: Ground out 1-3 (Groundball, 23, EV 63.8 MPH)
Bottom of the 5th over - 0 runs, 2 hits, 1 error, 3 left on base; Greensboro 2 - Macon 5
TOP OF THE 6TH
Greensboro Bats batting - Pitching for Macon Braves : RHP Shane Komine
Batting: SHB Juan M. Gonzalez 0-0: Foul Ball, location: 2F
0-1: Foul Ball, location: 2F
0-2: SOLO HOME RUN (Flyball, 78XD, EV 100.6 MPH), Distance : 400 ft
Pitching: RHP Miles Carpenter
Batting: LHB Brian Kirby 0-0: Ball
1-0: Fly out, F8 (Line Drive, 8RS, EV 89.4 MPH)
Batting: LHB Brandon Simon 0-0: Swinging Strike
0-1: Fly out, F4 (Line Drive, 4, EV 70.0 MPH)
Batting: RHB Mike Barclay 0-0: Ball
1-0: Called Strike
1-1: Swinging Strike
1-2: SINGLE (Flyball, 6MD, EV 91.3 MPH)
Batting: RHB Michael Griffin 0-0: Called Strike
0-1: Swinging Strike
0-2: SINGLE (Line Drive, 3D, EV 96.9 MPH)
Mike Barclay to second
Batting: RHB Ben Harrison 0-0: Fly out, F4 (Popup, 34S, EV 81.9 MPH)
Top of the 6th over - 1 run, 3 hits, 0 errors, 2 left on base; Greensboro 3 - Macon 5
BOTTOM OF THE 6TH
Macon Braves batting - Pitching for Greensboro Bats : LHP Francisco Mejia
Batting: LHB Manny de Hoyos 0-0: Swinging Strike
0-1: Called Strike
0-2: Ball
1-2: Ball
2-2: Ball
3-2: Strikes out looking
Batting: RHB Edgar Natal 0-0: Ball
1-0: SINGLE (Line Drive, 9S, EV 90.0 MPH)
Batting: RHB Eric West 0-0: Ball
1-0: Swinging Strike
1-1: Swinging Strike
1-2: Ball
2-2: Foul Ball, location: 9LMF
2-2: Strikes out swinging
Batting: LHB Matt Young 0-0: Called Strike
0-1: Fielders Choice at 2nd, 5-4 (Groundball, 5, EV 84.4 MPH)
Bottom of the 6th over - 0 runs, 1 hit, 0 errors, 1 left on base; Greensboro 3 - Macon 5
TOP OF THE 7TH
Greensboro Bats batting - Pitching for Macon Braves : RHP Miles Carpenter
Batting: RHB Tripper Johnson 0-0: Called Strike
0-1: Called Strike
0-2: Ball
1-2: Strikes out swinging
Batting: RHB Chris Colton 0-0: Ball
1-0: Called Strike
1-1: Swinging Strike
1-2: Foul Ball, location: 3FF
1-2: Fly out, F8 (Line Drive, 8RS, EV 88.8 MPH)
Batting: LHB Tim Burgess 0-0: Ball
1-0: Ball
2-0: Called Strike
2-1: Fly out, F9 (Flyball, 89S, EV 82.5 MPH)
Top of the 7th over - 0 runs, 0 hits, 0 errors, 0 left on base; Greensboro 3 - Macon 5
BOTTOM OF THE 7TH
Macon Braves batting - Pitching for Greensboro Bats : LHP Francisco Mejia
Pitching: LHP Brad Murray
Batting: LHB Ian Stewart 0-0: Foul Ball, location: 2F
0-1: Foul Ball, location: 2F
0-2: Ball
1-2: Ball
2-2: Ball
3-2: Base on Balls
Batting: LHB Xavier Paul 0-0: Called Strike
Ian Stewart steals 2nd base
0-1: Swinging Strike
0-2: Fly out, F8 (Flyball, 8LM, EV 92.5 MPH)
Batting: RHB Andres Gutierrez 0-0: Intentional Walk
Batting: LHB Tony Aluera 0-0: Ball
1-0: Ball
2-0: Ball
3-0: Base on Balls
Ian Stewart to third
Andres Gutierrez to second
Batting: LHB John Schmitz 0-0: Called Strike
0-1: Ball
1-1: Foul Ball, location: 3SF
1-2: Grounds into double play, 4-2-3 (Groundball, 4, EV 88.8 MPH)
Bottom of the 7th over - 0 runs, 0 hits, 0 errors, 2 left on base; Greensboro 3 - Macon 5
TOP OF THE 8TH
Greensboro Bats batting - Pitching for Macon Braves : RHP Miles Carpenter
Pitching: RHP Tony Fontana
Batting: SHB Juan M. Gonzalez 0-0: Ball
1-0: Foul Ball, location: 2F
1-1: Fly out, F8 (Flyball, 8RM, EV 89.4 MPH)
Batting: LHB Brian Kirby 0-0: Called Strike
0-1: Ball
1-1: Fly out, F8 (Flyball, 8LD, EV 101.3 MPH)
Batting: LHB Brandon Simon 0-0: Ground out U3 (Groundball, 3L, EV 88.8 MPH)
Top of the 8th over - 0 runs, 0 hits, 0 errors, 0 left on base; Greensboro 3 - Macon 5
BOTTOM OF THE 8TH
Macon Braves batting - Pitching for Greensboro Bats : LHP Brad Murray
Batting: LHB Manny de Hoyos 0-0: Foul Ball, location: 25F
0-1: Ball
1-1: Swinging Strike
1-2: Foul Ball, location: 9LSF
1-2: Ball
2-2: Fly out, F9 (Flyball, 9LS, EV 101.3 MPH)
Pitching: RHP Brion Treadway
Batting: RHB Edgar Natal 0-0: Called Strike
0-1: Ground out 4-3 (Groundball, 4M, EV 90.6 MPH)
Batting: RHB Eric West 0-0: Called Strike
0-1: Foul Ball, location: 3DF
0-2: Strikes out swinging
Bottom of the 8th over - 0 runs, 0 hits, 0 errors, 0 left on base; Greensboro 3 - Macon 5
TOP OF THE 9TH
Greensboro Bats batting - Pitching for Macon Braves : RHP Tony Fontana
Pitching: RHP Kevin Lee
Batting: RHB Mike Barclay 0-0: Ball
1-0: Called Strike
1-1: Swinging Strike
1-2: Ball
2-2: Ball
3-2: Foul Ball, location: 9LDF
3-2: Base on Balls
Batting: RHB Michael Griffin 0-0: Called Strike
0-1: Swinging Strike
0-2: Strikes out looking
Batting: RHB Ben Harrison 0-0: Ball
1-0: Called Strike
1-1: Ball
2-1: Ball
3-1: Swinging Strike
3-2: Strikes out swinging
Mike Barclay steals 2nd base
Batter strikes out.
Batting: RHB Tripper Johnson 0-0: Ball
1-0: Ball
2-0: Called Strike
2-1: Ball
3-1: Base on Balls
Batting: RHB Chris Colton 0-0: Foul Ball, location: 2F
0-1: Ground out 5-3 (Groundball, 56S, EV 85.0 MPH)
Top of the 9th over - 0 runs, 0 hits, 0 errors, 2 left on base; Greensboro 3 - Macon 5
Monday, November 11th , 2024 - OOTP Baseball 25.9 Build 91